 Dungeon Crawl Stone Soup version 0.28.0-47-ge53b351184 (webtiles) character file.

Game seed: 4644616604709079991

119 Cak3Hol3 the Magician (level 4, -3/21 HPs)
             Began as a Deep Elf Hedge Wizard on May 4, 2022.
             Was a Follower of Hepliaklqana.
             Slain by an ogre
             ... wielding a +0 giant club
              (24 damage)
             ... on level 5 of the Dungeon.
             The game lasted 00:25:26 (4284 turns).

Cak3Hol3 the Magician (Deep Elf Hedge Wizard)       Turns: 4284, Time: 00:25:27

Health: -3/21      AC:  4    Str:  7    XL:     4   Next: 74%
Magic:  5/12       EV: 11    Int: 21    God:    Hepliaklqana [*.....]
Gold:   168        SH:  3    Dex: 14    Spells: 8/11 levels left

rFire   . . .      SeeInvis .   b - +3 dagger (protect)
rCold   . . .      Faith    .   f - +0 buckler
rNeg    + + .      Spirit   .   t - +0 leather armour of Weysodeo {rN++}
rPois   .          Reflect  .   c - +0 hat
rElec   .          Harm     .   k - +0 cloak
rCorr   .          Rampage  .   (no gloves)
Will    .....                   (no boots)
Stlth   ++........              (no amulet)
HPRegen 0.07/turn               (no ring)
MPRegen 0.13/turn               (no ring)

@: very slightly contaminated
A: reduced essence
a: Renounce Religion, Recall Ancestor, Ancestor Identity


You were on level 5 of the Dungeon.
You worshipped Hepliaklqana.
Hepliaklqana was aware of your devotion.
You visited 1 branch of the dungeon, and saw 5 of its levels.

You collected 168 gold pieces.

Inventory:

Hand Weapons
 a - a +0 dagger
 b - a +3 dagger of protection (weapon)
 h - a +0 dagger
 o - a +1 dagger of electrocution
 r - a +0 short sword of holy wrath
 s - a +0 arbalest
Missiles
 d - 102 stones
 e - 25 bolts
 m - 16 sling bullets
Armour
 c - a +0 hat (worn)
 f - a +0 buckler (worn)
 k - a +0 cloak (worn)
 q - a +0 leather armour
 t - the +0 leather armour of Weysodeo (worn) {rN++}
   (You found it on level 2 of the Dungeon)

   rN:        It greatly protects you from negative energy.
Jewellery
 p - a +4 ring of evasion
Scrolls
 g - a scroll of identify {unknown}
 j - 2 scrolls of blinking {unknown}
 u - 2 scrolls of enchant armour {unknown}
 x - a scroll of amnesia {unknown}
Potions
 i - a potion of cancellation {unknown}
 l - 2 potions of heal wounds {unknown}
 n - 3 potions of curing {unknown}
 v - a potion of degeneration {unknown}
 w - a potion of might {unknown}


   Skills:
 + Level 0.7 Fighting
 * Level 1.3 Short Blades
 + Level 0.4 Armour
 + Level 3.3 Dodging
 * Level 4.3 Stealth
 + Level 0.2 Shields
 - Level 4.4 Spellcasting
 + Level 2.2 Conjurations
 + Level 1.1 Summonings
 + Level 1.1 Translocations


You had 8 spell levels left.
You knew the following spells:

 Your Spells              Type           Power      Damage    Failure   Level
a - Magic Dart            Conj           52%        1d5       10%         1
b - Blink                 Tloc           18%        N/A       22%         2

Your spell library contained the following spells:

 Spells                   Type           Power      Damage    Failure   Level
 Call Imp                 Summ           9%         N/A       22%         2
 Slow                     Hex            16%        N/A       24%         1
 Conjure Flame            Conj/Fire      9%         6-21      41%         3
 Mephitic Cloud           Conj/Pois/Air  7%         N/A       45%         3
 Animate Dead             Necr           2%         N/A       93%         4
 Borgnjor's Vile Clutch   Necr/Erth      2%         N/A       100%        5
 Death Channel            Necr           2%         N/A       100%        6


Dungeon Overview and Level Annotations

Branches:
Dungeon (5/15)
 Temple: D:4-7

Altars:
Hepliaklqana

Annotations:
D:4 Pikel


Message History

You see here a +0 mace.
Magic restored.
You now have 168 gold pieces (gained 15).
Found a stone staircase leading down.
l - 2 fizzy grey potions (gained 1)
An ogre comes into view. It is wielding a +0 giant club.
The ogre shouts!
You see here a scroll labelled OLUELUMUCW.
Aiming: Magic Dart (safe; 10% risk of failure)
Press: ? - help, Q - select action, (/) - cycle Shift-Dir - straight line, f - ogre
Aim: an ogre, wielding a +0 giant club (100% to hit)
The magic dart hits the ogre but does no damage.
Aiming: Magic Dart (safe; 10% risk of failure)
Press: ? - help, Q - select action, (/) - cycle Shift-Dir - straight line, f/p - ogre
Aim: an ogre, wielding a +0 giant club (ally target, 100% to hit)
The magic dart hits the ogre.
The ogre is lightly wounded.
Prawica hits the ogre.
Casting: Blink (safe; 22% risk of failure)
Press: ? - help, Q - select action, (/) - cycle Dir - look around, f - activate You blink.
Aiming: Magic Dart (safe; 10% risk of failure)
Press: ? - help, Q - select action, (/) - cycle Shift-Dir - straight line
Okay, then.
Activating: Recall Ancestor
Press: ? - help, Q - select action, (/) - cycle Dir - look around, f - activate Prawica is recalled.
The ogre closely misses Prawica.
Prawica hits the ogre.
You feel stable enough to blink again.
Prawica barely misses the ogre.
Prawica barely misses the ogre.
Casting: Blink (safe; 22% risk of failure)
Press: ? - help, Q - select action, (/) - cycle Dir - look around, f - activate You miscast Blink.
You are very lightly contaminated with residual magic.
Nothing appears to happen.
The ogre hits you with a +0 giant club!!
Ouch! That really hurt!
You die...

#........... # # ###.####.###
###. ####. ##.## .# ...
..##.###...## .#
#.###.###.##.......)##.#
..........####...)...#.#
..###..<..###...R......###...
............'...O............
..##.#....###...@.....####...
.......># ##.......## .
###.###.## ##.....## ... ..#
##...## ### #### ##+##


You could see the friendly Prawica the ancestor and an ogre (ally target).

Vanquished Creatures
  A jelly (D:4)
  An adder (D:2)
  3 dart slugs
  2 orcs
  6 ball pythons
  5 bats
  3 endoplasms
  7 giant cockroaches
  11 goblins
  3 hobgoblins
  2 jackals (D:1)
  4 quokkas
  3 frilled lizards
  8 kobolds
  3 rats (D:3)
62 creatures vanquished.

Vanquished Creatures (collateral kills)
  A kobold (D:3)
  A quokka (D:4)
2 creatures vanquished.

Grand Total: 64 creatures vanquished

Notes
Turn   | Place    | Note
-------+----------+-------------------------------------------
     0 | D:1      | Cak3Hol3 the Deep Elf Hedge Wizard began the quest for the
                  | Orb.
     0 | D:1      | Reached XP level 1. HP: 10/10 MP: 7/7
   676 | D:1      | Reached XP level 2. HP: 15/15 MP: 7/9
  1547 | D:1      | Reached XP level 3. HP: 6/19 MP: 1/10
  2525 | D:2      | Reached skill level 1 in Short Blades
  2929 | D:2      | Identified the +0 leather armour of Weysodeo {rN++}
  3067 | D:2      | Found a hazy altar of Hepliaklqana.
  3082 | D:2      | Became a worshipper of Hepliaklqana the Forgotten
  3479 | D:3      | Reached XP level 4. HP: 24/24 MP: 9/12
  3867 | D:3      | Reached * piety under Hepliaklqana
  3877 | D:3      | Learned a level 2 spell: Blink
  4162 | D:4      | Noticed a lemure
  4199 | D:4      | Noticed Pikel
  4199 | D:4      | Noticed a lemure
  4199 | D:4      | Noticed a lemure
  4199 | D:4      | Noticed a lemure
  4219 | D:5      | Entered Level 5 of the Dungeon
  4270 | D:5      | Noticed an ogre
  4284 | D:5      | Slain by an ogre

Illustrated notes

Levels and vault maps discovered:
D:1:      dpeg_arrival_stone_temple_mockup, layout_loops_ring,
          roderic_serpentine_path, chequers_serial_rivers_small_3,
          nicolae_concentric_dashed_squares_mild
D:2:      layout_loops_ring, basic_altar
D:3:      layout_basic
D:4:      layout_loops_ring, uniq_pikel
D:5:      layout_loops_corners, patterned_corridor

Skill      XL: |  1  2  3  4 |
---------------+-------------+-----
Stealth        | 3 4 |  4.3
Dodging        | 3 |  3.3
Short Blades   | 1 |  1.3
Conjurations   | 2 |  2.2
Fighting       | |  0.7
Armour         | |  0.4
Shields        | |  0.2
Spellcasting   | |  4.4
Summonings     | |  1.1
Translocations | |  1.1

Action                   |  1- 3 |  4- 6 || total
-------------------------+-------+-------++-------
Melee: Dagger            |   119 |    11 ||   130
 Cast: Magic Dart        |   119 |    28 ||   147
       Blink             |       |     3 ||     3
Invok: Recall Ancestor   |       |     1 ||     1
       Ancestor Identity |       |     1 ||     1
Armor: Robe              |    31 |       ||    31
       Leather armour    |    11 |     4 ||    15
Dodge: Dodged            |   132 |     7 ||   139
Block: Buckler           |    10 |     1 ||    11
